AoeStats
← AUTHENTIC DEXTER KENT

Arabia

508543358Analyzed
1v1 RM · 8d ago on Sep 22, 2026· 36m 40s· 2 players
Game mode
Random Map
Map size
Tiny (2 player)
Population
200
Speed
Normal
Resources
Standard
Victory
Conquest
Starting age
Dark Age
Ending age
Imperial Age
RankedLock teamsTeams togetherTeam positionsShared explorationLock speedFull tech treeHidden civsTurbo modeCheats
Victory
Defeat
🇦🇷 Chinese · Argentina
1236
+18
🇺🇸 Poles · United States
1280
-18
Revan17
6:48 Loom
9:23 Feudal Age
9:43 Horse Collar
9:54 Double-Bit Axe
15:39 Forging
17:43 Bloodlines
18:53 Scale Barding Armor
25:35 Castle Age
25:36 Padded Archer Armor
25:53 Light Cavalry
26:34 Husbandry
26:57 Chain Barding Armor
26:54 Elite Skirmisher
28:57 Gold Mining
29:56 Bow Saw
30:45 Heavy Plow
32:51 Wheelbarrow
33:50 Fletching
37:06 Hand Cart
AUTHENTIC DEXTER KENT
0:26 Loom
9:24 Feudal Age
10:23 Double-Bit Axe
11:38 Gold Mining
12:58 Fletching
21:10 Castle Age
19:45 Horse Collar
20:38 Padded Archer Armor
21:13 Crossbowman
21:51 Bodkin Arrow
23:30 Bow Saw
24:58 Gold Shaft Mining
27:49 Thumb Ring
28:20 Leather Archer Armor
29:02 Stone Mining
29:49 Forging
29:51 Scale Mail Armor
30:34 Heavy Plow
33:26 Iron Casting
33:29 Wheelbarrow
33:29 Town Watch
Connection lost

Rejoining the realm…

Still unreachable

The connection could not be restored.

Session expired

The server has moved on; the page needs a fresh start.